 Dungeon Crawl Stone Soup version 0.26-a0-812-g31a745ddcd (webtiles) character file.

Game seed: 17060695381282484952

16965 Kuinu the Fighter (level 12, -9/172 HPs)
             Began as a Minotaur Berserker on Nov 15, 2020.
             Was a High Priest of Trog.
             Engulfed by an ice statue's freezing vapour (15 damage)
             ... in an ice cave on Nov 16, 2020.
             The game lasted 00:19:49 (11763 turns).

Kuinu the Fighter (Minotaur Berserker)             Turns: 11763, Time: 00:19:50

Health: -9/172     AC: 22    Str: 26    XL:     12   Next: 14%
Magic:  11/11      EV:  9    Int:  4    God:    Trog [*****.]
Gold:   899        SH:  0    Dex: 21    Spells: 11/11 levels left

rFire    . . .     SeeInvis .   m - +6 long sword of the Many Seers {vorpal, Str+3 Dex+7}
rCold    . . .     Faith    .   (no shield)
rNeg     . . .     Spirit   .   K - +3 plate armour {MR+}
rPois    .         Reflect  .   (helmet restricted)
rElec    .         Harm     .   B - +0 cloak
rCorr    .         Rampage  .   (no gloves)
MR       ++++.                  (no boots)
Stlth    ..........             (no amulet)
HPRegen  1.38/turn              t - +4 ring of protection
MPRegen  0.12/turn              F - ring of protection from magic

@: berserking, regenerating, very quick
A: retaliatory headbutt, horns 2
a: Berserk, Trog's Hand, Brothers in Arms, Renounce Religion


You were in an ice cave.
You worshipped Trog.
Trog was extremely pleased with you.
You visited 1 branch of the dungeon, and saw 12 of its levels.
You also visited: Ice Cave.

You collected 899 gold pieces.

Inventory:

Hand Weapons
 a - a +1 hand axe
 m - the +6 long sword of the Many Seers (weapon) {vorpal, Str+3 Dex+7}
   (You found it on level 5 of the Dungeon)

   It inflicts extra damage upon your enemies.
   It affects your strength (+3).
   It affects your dexterity (+7).
 n - a +0 war axe
Armour
 b - a +0 animal skin
 e - a +1 leather armour
 h - a +0 ring mail of positive energy
 y - a +2 helmet
 B - a +0 cloak (worn)
 K - a +3 plate armour of magic resistance (worn)
Jewellery
 t - a +4 ring of protection (left hand)
 v - a +4 ring of protection
 x - an uncursed ring of protection from fire
 E - an uncursed ring of fire
 F - a ring of protection from magic (right hand)
 G - a +6 ring of dexterity {unknown}
 H - a +6 ring of intelligence {unknown}
 J - an uncursed ring of fire
Wands
 g - a wand of paralysis (5)
 j - a wand of polymorph (9)
 z - a wand of disintegration (46)
 C - a wand of acid (11)
 D - a wand of iceblast (9)
Scrolls
 c - 7 scrolls of teleportation
 o - a scroll of enchant weapon
 p - 6 scrolls of remove curse
 A - a scroll of magic mapping
 M - a scroll of enchant armour
 N - 6 scrolls of identify
Potions
 d - a potion of might
 f - 5 potions of flight
 i - a potion of attraction
 k - a potion of invisibility
 l - 3 potions of haste
 q - 5 potions of degeneration {unknown}
 s - 5 potions of curing
 u - a potion of ambrosia
 w - 2 potions of mutation
 I - a potion of resistance {unknown}
 L - a potion of magic {unknown}


   Skills:
 * Level 13.4 Fighting
 * Level 11.4 Long Blades
 * Level 13.2 Axes
 + Level 9.7 Armour
 - Level 2.1 Dodging


You had 11 spell levels left.
You didn't know any spells.
Your spell library was empty.

Dungeon Overview and Level Annotations

Branches:
Dungeon (12/15)            Temple (0/1) D:7            Lair (0/6) D:10
    Orc (0/2) D:10          IceCv (1/1)

Altars:
Cheibriados
Dithmenos
Elyvilon
Fedhas
Hepliaklqana
Kikubaaqudgha
Okawaru
Ru
Sif Muna
Trog
Xom
Zin
The Shining One

Annotations:
D:3 2 runed translucent doors, p0werm0de's ghost, weakling GrFi
D:7 1 runed translucent door IceCv 1 transporter, exclusion: 2 ice statues


Innate Abilities, Weirdness & Mutations

You reflexively headbutt those who attack you in melee.
You have a pair of horns on your head.


Message History

The white ugly thing is engulfed in freezing vapours.
The white ugly thing tentacle-slaps you but does no damage.
Found 44 gold pieces and a scroll of remove curse.
Found a transporter.
You are too berserk!
You are too berserk!
You slash the ice beast! You headbutt the ice beast!
The ice beast is severely wounded.
You are engulfed in freezing vapours.
The ice beast completely misses you.
You slash the ice beast!
You kill the ice beast!
You are engulfed in freezing vapours.
* * * LOW HITPOINT WARNING * * *
The white ugly thing is engulfed in freezing vapours.
The white ugly thing closely misses you.
You slice the white ugly thing!!
Your headbutt misses the white ugly thing.
The white ugly thing is almost dead.
You are engulfed in freezing vapours.
You die...

##...$©?...##
#...8.).8...#
##....!.[....##
#......$......#
#....8...8....#
#.............#
#...........#
#....@u°....#
#....°°°....#
##....○○...##
##.○.∩...##
##.....##
#######


You could see 2 ice statues and a white ugly thing.

Vanquished Creatures
  An ogre mage (D:10)
  Erolcha (D:11)
  A hydra (D:11)
  A boulder beetle (D:11)
  A two-headed ogre (D:11)
  A death knight (D:11)
  2 skeletal warriors (D:11)
  An unseen horror (D:10)
  A phantasmal warrior (D:11)
  An ugly thing (D:11)
  2 cyclopes (D:11)
  3 trolls
  Sigmund (D:6)
  3 wraiths (D:11)
  3 wyverns
  3 yaks (D:11)
  Grum (D:8)
  Menkaure (D:7)
  A soldier ant (D:11)
  2 wargs (D:10)
  3 water moccasins
  7 ice beasts
  3 orc warriors
  4 phantoms
  A necrophage (D:8)
  2 sky beasts
  2 eyes of draining
  7 ogres
  2 wolves (D:8)
  8 centaurs
  2 big kobolds
  Blork the orc (D:4)
  6 bullfrogs
  A water moccasin zombie (D:11)
  5 scorpions
  A water moccasin skeleton (D:4)
  9 killer bees (D:8)
  3 electric eels (D:7)
  A howler monkey (D:11)
  7 jellies
  3 orc priests
  5 hounds
  2 bullfrog skeletons
  6 orc wizards
  A centaur skeleton (D:11)
  A gnoll shaman (D:8)
  8 iguanas
  13 worker ants
  2 hound zombies
  2 hound skeletons
  2 howler monkey skeletons
  5 worker ant zombies
  8 gnolls
  13 adders
  An ufetubus (D:6)
  An ooze (D:3)
  An adder skeleton (D:6)
  4 worms
  A dart slug (D:2)
  6 leopard geckos
  26 orcs
  5 bats
  2 giant cockroaches
  8 goblins
  4 hobgoblins
  3 jackals (D:3)
  5 quokkas
  5 ball pythons
  A jackal skeleton (D:4)
  A jackal zombie (D:7)
  16 kobolds
  A leopard gecko skeleton (D:4)
  15 rats
283 creatures vanquished.

Vanquished Creatures (collateral kills)
  An ugly thing (IceCv)
  2 ice beasts (IceCv)
  A centaur (D:8)
  A hound (D:8)
  3 gnolls (D:8)
8 creatures vanquished.

Vanquished Creatures (others)
  30 plants (D:7)
30 creatures vanquished.

Grand Total: 321 creatures vanquished

Notes
Turn   | Place    | Note
-------+----------+-------------------------------------------
     0 | D:1      | Kuinu the Minotaur Berserker began the quest for the Orb.
     0 | D:1      | Reached XP level 1. HP: 19/19 MP: 0/0
   201 | D:1      | Reached XP level 2. HP: 27/27 MP: 1/1
   698 | D:1      | Reached ** piety under Trog
   768 | D:2      | Reached XP level 3. HP: 27/34 MP: 2/2
  1438 | D:2      | Reached XP level 4. HP: 41/41 MP: 3/3
  1641 | D:3      | Reached skill level 5 in Fighting
  1989 | D:3      | Reached skill level 5 in Axes
  2116 | D:3      | Found a large runed translucent door.
  2116 | D:3      | Found a large runed translucent door.
  2118 | D:3      | Noticed p0werm0de's ghost (weakling GrFi)
  2405 | D:4      | Found a snail-covered altar of Cheibriados.
  2437 | D:4      | Reached XP level 5. HP: 42/48 MP: 4/4
  2479 | D:4      | Found a shadowy altar of Dithmenos.
  2547 | D:4      | Reached *** piety under Trog
  2649 | D:4      | Noticed an ogre
  2659 | D:4      | Killed an ogre
  2659 | D:4      | Reached XP level 6. HP: 34/57 MP: 5/5
  2915 | D:4      | Reached XP level 7. HP: 39/64 MP: 6/6
  3223 | D:4      | Noticed Blork the orc
  3230 | D:4      | Killed Blork the orc
  3231 | D:4      | Found a glowing golden altar of the Shining One.
  3396 | D:4      | Found a shimmering altar of Xom.
  3477 | D:4      | Reached skill level 5 in Armour
  3623 | D:5      | Entered Level 5 of the Dungeon
  3623 | D:5      | Found an iron altar of Okawaru.
  3713 | D:5      | Got a shimmering long sword
  3714 | D:5      | Identified the +6 long sword of the Many Seers {vorpal,
                  | Str+3 Dex+7} (You found it on level 5 of the Dungeon)
  3744 | D:5      | Reached skill level 1 in Long Blades
  3992 | D:5      | Reached XP level 8. HP: 73/74 MP: 7/7
  4082 | D:5      | Reached **** piety under Trog
  4241 | D:6      | Noticed Sigmund
  4246 | D:6      | Killed Sigmund
  5215 | D:7      | Found a sacrificial altar of Ru.
  5384 | D:7      | Found a staircase to the Ecumenical Temple.
  5514 | D:7      | Found a glowing silver altar of Zin.
  5515 | D:7      | Found a runed translucent door.
  5515 | D:7      | Noticed an angel
  5805 | D:7      | Noticed Menkaure
  5810 | D:7      | Killed Menkaure
  5810 | D:7      | Reached XP level 9. HP: 67/83 MP: 8/8
  5858 | D:7      | Reached skill level 5 in Long Blades
  6207 | D:7      | Found a bloodstained altar of Trog.
  6443 | D:8      | Noticed Grum
  6456 | D:8      | Killed Grum
  6472 | D:8      | Found an ancient bone altar of Kikubaaqudgha.
  6626 | D:8      | Reached skill level 10 in Fighting
  6937 | D:8      | Reached skill level 10 in Axes
  7468 | D:8      | Found a hazy altar of Hepliaklqana.
  7637 | D:9      | Found a blossoming altar of Fedhas.
  7914 | D:9      | Reached XP level 10. HP: 89/94 MP: 9/9
  7976 | D:9      | Found a shimmering blue altar of Sif Muna.
  8366 | D:10     | Entered Level 10 of the Dungeon
  8605 | D:10     | Reached ***** piety under Trog
  8775 | D:10     | Found a staircase to the Lair.
  8790 | D:10     | Found a staircase to the Orcish Mines.
  8900 | D:10     | Noticed an ogre mage
  8914 | D:10     | Killed an ogre mage
  8982 | D:10     | Killed an unseen horror
  9427 | D:11     | Reached XP level 11. HP: 89/104 MP: 10/10
  9512 | D:11     | Noticed a four-headed hydra
  9530 | D:11     | Killed an 11-headed hydra
  9869 | D:11     | Found a white marble altar of Elyvilon.
  9885 | D:11     | Noticed a two-headed ogre
  9897 | D:11     | Killed a two-headed ogre
  9938 | D:11     | Noticed a boulder beetle
  9968 | D:11     | Killed a boulder beetle
  9968 | D:11     | Reached skill level 10 in Long Blades
 10204 | D:11     | Noticed a purple ugly thing
 10214 | D:11     | Killed a purple ugly thing
 10274 | D:11     | Noticed Erolcha
 10285 | D:11     | Killed Erolcha
 10909 | D:11     | Noticed a death knight
 10909 | D:11     | Noticed a skeletal warrior
 10910 | D:11     | Noticed a skeletal warrior
 10911 | D:11     | Noticed a phantasmal warrior
 10933 | D:11     | Killed a phantasmal warrior
 10939 | D:11     | Killed a death knight
 10945 | D:11     | Killed a skeletal warrior
 10956 | D:11     | Killed a skeletal warrior
 11124 | D:11     | Reached XP level 12. HP: 56/115 MP: 11/11
 11587 | D:12     | Noticed a boulder beetle
 11588 | D:12     | Found a frozen archway.
 11607 | IceCv    | Entered an ice cave
 11618 | IceCv    | Found a transporter.
 11760 | IceCv    | Found a transporter.
 11760 | IceCv    | HP: 8/172 [ice statue/bolt of cold (23)]
 11763 | IceCv    | Engulfed by an ice statue's freezing vapour

Illustrated notes

Levels and vault maps discovered:
D:1:      ncdulo_halloftheorcs, layout_basic, minmay_pentomino_w2
D:2:      layout_basic, minivault_4
D:3:      layout_basic, ebering_ghost_disaster_area, kennysheep_generic_room_6
D:4:      layout_rooms, nicolae_tso_swordbearing_angel,
          overflow_temple_1_default, grunt_temple_overflow_open,
          minmay_divided_ellipse, uniq_blork_the_orc
D:5:      layout_rooms, okawaru_trees_1
D:6:      minmay_chambers_of_sixes, layout_cave_pools, minmay_misc_feat_plants,
          uniq_sigmund
D:7:      layout_basic, minitemple, minmay_temple_entry_nine_rooms,
          serial_bayou, serial_bayou_lagoon_a, serial_bayou_pond_e,
          serial_bayou_pond_d, serial_bayou_shore_a, serial_bayou_pond_a,
          lemuel_angel_altar, uniq_menkaure
D:8:      layout_rooms, overflow_temple_1_default,
          nicolae_overflow_crystal_walls, uniq_grum
D:9:      layout_loops_ring, fedhas_altar_1, led_sif_pool
D:10:     minmay_bloctagon, layout_cave_pools, erik_lair_orcish_takeover
D:11:     layout_roguey, basic_altar, minmay_puff, uniq_erolcha
D:12:     layout_roguey, portal_ice_cave_entry_pillars_1, hangedman_decor_push,
          uniq_urug, uniq_psyche, uniq_rupert
IceCv:    ice_cave_statue_garden_transporter

Skill      XL: |  1  2  3  4  5  6  7  8  9 10 11 |
---------------+----------------------------------+-----
Fighting       | 4 5 6 7 9 10 11 13 | 13.4
Axes           | 4 5 6 7 9 10 11 13 | 13.2
Armour         | 3 4 5 6 7 8 9 |  9.7
Long Blades    | 1 4 7 9 11 | 11.4
Dodging        | |  2.1

Action                   |  1- 3 |  4- 6 |  7- 9 | 10-12 || total
-------------------------+-------+-------+-------+-------++-------
Melee: Hand axe          |    65 |   106 |    57 |       ||   228
       Headbutt          |    12 |    14 |    56 |    94 ||   176
       Long sword        |       |       |   150 |   293 ||   443
Invok: Berserk           |       |     4 |     2 |     7 ||    13
       Trog's Hand       |       |       |     1 |     3 ||     4
       Brothers in Arms  |       |       |     1 |     1 ||     2
  Use: Scroll            |     5 |    11 |     3 |     4 ||    23
       Potion            |       |       |     2 |     7 ||     9
 Stab: Invisible         |       |       |       |     1 ||     1
Armor: Leather armour    |     7 |    22 |       |       ||    29
       Ring mail         |       |    13 |    57 |       ||    70
       Plate armour      |       |       |     7 |   272 ||   279
Dodge: Dodged            |    42 |    78 |   142 |   125 ||   387
       Rpst.: Long sword |       |       |    25 |    29 ||    54

Table legend: (Time is in decaauts)
 A = Elapsed time spent in this place.
 B = Non-inter-level travel time spent in this place.
 C = Inter-level travel time spent in this place.
 D = Time resting spent in this place.
 E = Time spent auto-exploring this place.
 F = Levels seen in this place.
 G = Mean time per level.
                   A        B        C        D        E       F      G
               +--------+--------+--------+--------+--------+-----+--------+
         Total |  11900 |  11610 |    290 |      0 |   9837 |  13 |  915.4 |
       Dungeon |  11735 |  11445 |    290 |      0 |   9711 |  12 |  977.9 |
      Ice Cave |    165 |    165 |      0 |      0 |    126 |   1 |  165.0 |
               +--------+--------+--------+--------+--------+-----+--------+

Top non-repeatable levels by time:
    D:11: 2173 daAuts
     D:7: 1248 daAuts
     D:4: 1243 daAuts
     D:8: 1224 daAuts
    D:10: 1058 daAuts
     D:6: 1035 daAuts
     D:3: 893 daAuts
     D:1: 767 daAuts
     D:2: 766 daAuts
     D:9: 750 daAuts
     D:5: 546 daAuts
   IceCv: 165 daAuts
    D:12: 28 daAuts
